[Event "ICC tourney 2069 (15 5)"]
[Site "Internet Chess Club"]
[Date "2020.10.18"]
[Round "7"]
[White "Deng18"]
[Black "MYMChessWyatt"]
[Result "0-1"]
[ICCResult "White checkmated"]
[WhiteElo "1448"]
[BlackElo "1244"]
[Opening "Sicilian"]
[ECO "B54"]
[NIC "SI.01"]
[Time "18:02:37"]
[TimeControl "900+5"]

1. e4 c5 2. Nf3 d6 3. d4 cxd4 4. Nxd4 a6 5. Nc3 e6 6. Be3 Nd7 7. Be2 Ngf6 8.
O-O Be7 9. h3 O-O 10. Qd2 Nc5 11. f3 Nh5 12. Bf2 Bg5 13. Qd1 Nf4 14. Nb3
Nxb3 15. axb3 Bh4 16. Be3 e5 17. Bc4 Qg5 18. Bxf4 Qxf4 19. Nd5 Qg5 20. Kh1
b5 21. Be2 Qg3 22. f4 Bxh3 23. Bf3 Be6 24. Nc7 Rac8 25. Nxe6 fxe6 26. fxe5
Bg5 27. Qe1 Qxe5 28. c3 Rf6 29. g3 Rh6+ 30. Kg1 Be3+ 31. Kg2 Bg5 32. Rh1 Rg6
33. Rh3 b4 34. Rxa6 bxc3 35. bxc3 Rxc3 36. Ra8+ Kf7 37. Bh5 Rc2+ 38. Kh1 Rc1
39. Bxg6+ hxg6 40. Ra7+ Kf6 41. Qxc1 Qxe4+ 42. Kh2 Bxc1 43. Ra2 Qb1 44. Rf2+
Ke5 45. Re2+ Kd4 46. Rh4+ Kd3 47. Rf2 Be3 48. Rg2 Qxb3 49. Rh3 Ke4 50. Rh4+
Kf3 51. Rh3 Kg4 52. Rh4+ Kg5 53. Rh3 d5 54. Kh1 d4 55. g4 Qb1+ 56. Kh2 Bf4+
57. Rhg3 Bxg3+ 58. Kxg3 d3 59. Kh2 Qc2 60. Rxc2 dxc2 61. Kg3 c1=Q 62. Kf3
Qf4+ 63. Ke2 Qxg4+ 64. Kd3 Qf3+ 65. Kd4 Qe2 66. Kc3 Qd1 67. Kc4 Qd2 68. Kc5
Qd3 69. Kb4 Qc2 70. Kb5 Qc3 71. Kb6 Qc4 72. Kb7 Qc5 73. Ka6 Qb4 74. Ka7 Qb5
75. Ka8 Kf6 76. Ka7 Ke7 77. Ka8 Kd7 78. Ka7 Kc7 79. Ka8 Qb7# {White
checkmated} 0-1

[Event "ICC tourney 2069 (15 5)"]
[Site "Internet Chess Club"]
[Date "2020.10.18"]
[Round "7"]
[White "IAlwaysWin"]
[Black "smanek75"]
[Result "1-0"]
[ICCResult "Black checkmated"]
[WhiteElo "1929"]
[BlackElo "1654"]
[Opening "Nimzovich-Larsen attack: modern variation"]
[ECO "A01"]
[NIC "VO.08"]
[Time "18:05:07"]
[TimeControl "900+5"]

1. b3 e5 2. Bb2 Nc6 3. g3 d6 4. Bg2 Nf6 5. d3 a6 6. c4 Bg4 7. Nc3 Qd7 8. Nf3
h6 9. Rc1 Be7 10. a3 O-O 11. Nd5 Nxd5 12. cxd5 Na7 13. Nd2 Bf5 14. e4 Bg6
15. O-O f5 16. f4 Bf6 17. fxe5 Bxe5 18. d4 Bf6 19. e5 dxe5 20. dxe5 Bg5 21.
Rc4 Rac8 22. a4 b5 23. Rc2 f4 24. Ne4 Qf5 25. h4 Be7 26. Rxf4 Qd7 27. e6 Qd8
28. Qd4 Bf6 29. Qxa7 Bxb2 30. Rxf8+ Qxf8 31. Rxb2 Qb4 32. Qe3 bxa4 33. Rf2
a3 34. Qc3 Qxc3 35. Nxc3 Rd8 36. Ra2 Kf8 37. Rxa3 Bd3 38. Ra5 Ke7 39. Rc5
Rc8 40. Na4 c6 41. dxc6 Bb5 42. Nb6 Rf8 43. c7 Kxe6 44. c8=Q+ Rxc8 45. Rxc8
Kf5 46. Kf2 g5 47. hxg5 hxg5 48. Bh3+ Kg6 49. Ke3 Kh5 50. Nd5 Kg6 51. Kd4
Be2 52. Ke5 g4 53. Bg2 Bf3 54. Bxf3 gxf3 55. Rf8 Kg5 56. Rxf3 Kg4 57. Rc3 a5
58. Kd4 Kg5 59. Kc5 Kf5 60. Kb5 Ke4 61. Kxa5 Kxd5 62. b4 Kd4 63. Rc1 Ke3 64.
b5 Kf3 65. b6 Kxg3 66. b7 Kg4 67. b8=Q Kf5 68. Qe8 Kf4 69. Rf1+ Kg3 70. Qg6+
Kh2 71. Rf7 Kh3 72. Rh7# {Black checkmated} 1-0